Map: Proxima Station LE

Players

Tianson

  • Race: Terran Terran
  • Spawn Location: 7:00

BIGFLLA - Winner!

  • Race: Protoss Protoss
  • League: Silver
  • Spawn Location: 1:00

VOD

Have the link to the VOD?

Description

Time

  • Played on: March 21, 2017, 4:49 a.m.
  • Length: 6:06
Show
View Real Time Build Order
Export as new Build Order

Tianson Terran 

Build Orders:  

Get SALT Encoding   

  12  0:03  SCV  
  13  0:15  SCV  
  14  0:22  Refinery  
  14  0:27  SCV  
  15  0:42  Supply Depot  
  15  1:03  SCV  
  16  1:15  SCV  
  17  1:23  Barracks  
  17  1:28  SCV  
  18  1:40  Supply Depot  
  18  1:49  SCV  
  19  2:01  SCV  
  19  2:04  Supply Depot  
  20  2:12  Engineering Bay  
  20  2:16  Refinery  
  20  2:19  SCV  
  21  2:28  Barracks Tech Lab  
  21  2:31  SCV  
  22  2:45  SCV  
  22  2:47  Command Center  
  23  2:57  Barracks  
  23  3:00  SCV  
  23  3:03  Terran Infantry Weapons Level 1  
  24  3:14  Orbital Command  
  24  3:19  Marine  
  25  3:37  Marine  
  26  3:46  Barracks  
  26  3:47  Barracks Reactor  
  26  4:02  Orbital Command  
  26  4:09  SCV  
  27  4:22  SCV  
  28  4:25  Marine  
  28  4:26  Marine  
  30  4:33  Barracks Reactor  
  30  4:34  SCV x2  
  32  4:46  SCV x2  
  32  4:50  Engineering Bay  
  34  4:58  SCV x2  
  36  5:00  Missile Turret  
  36  5:03  Missile Turret  
  36  5:10  SCV x2  
  33  5:14  Marine x4  
  33  5:15  Marine  
  28  5:27  Missile Turret  
  18  5:28  Missile Turret  
  18  5:33  Marauder  
  18  5:34  SCV x2  
  16  5:46  SCV x2  
  16  5:48  Missile Turret  
  13  5:53  Missile Turret  
Show
View Real Time Build Order
Export as new Build Order

BIGFLLA Protoss - Winner!

Build Orders: Mass Adepts 

Get SALT Encoding   

  12  0:01  Probe (Chrono Boost)  
  13  0:13  Pylon  
  13  0:18  Probe (Chrono Boost)  
  14  0:29  Probe (Chrono Boost)  
  15  0:35  Gateway  
  15  0:40  Probe (Chrono Boost)  
  16  0:51  Probe (Chrono Boost)  
  16  0:55  Forge  
  17  1:01  Probe (Chrono Boost)  
  18  1:08  Assimilator  
  18  1:12  Probe (Chrono Boost)  
  19  1:22  Probe (Chrono Boost)  
  19  1:23  Cybernetics Core  
  20  1:34  Probe (Chrono Boost)  
  20  1:37  Assimilator  
  21  1:48  Pylon  
  21  2:04  Probe (Chrono Boost)  
  22  2:11  Warp Gate  
  22  2:13  Adept  
  24  2:23  Protoss Ground Weapons Level 1  
  24  2:26  Pylon  
  24  2:31  Gateway  
  24  2:33  Gateway  
  24  2:37  Probe (Chrono Boost)  
  25  2:49  Twilight Council  
  25  2:56  Adept  
  27  3:10  Pylon, Probe (Chrono Boost)  
  28  3:42  Resonating Glaives  
  28  3:45  Adept x2  
  28  3:46  Adept  
  34  3:57  Gateway  
  33  4:16  Adept x3  
  39  4:46  Pylon  
  39  4:47  Pylon  
  39  4:50  Adept  
  39  4:51  Adept x3  
  39  4:52  Pylon  
  47  5:17  Adept  
  47  5:18  Adept x3  
Tags
 
Composition
Mass Adepts
League
Silver
Matchup
PvT
Replay Pack
3.21
Spawn Locations
Cross Positions
Add a new tag
Caveats
  • Supply blocks, unpowered buildings, or Contaminate may cause inaccurate times.
  • Supply counts are checked every 10 seconds.